 Dungeon Crawl Stone Soup version 0.31.0-9-g3a7656b989 (webtiles) character file.

Game seed: 5738175621697457419

8 Colgate the Poker (level 2, 24/24 HPs)
             Began as a Demonspawn Chaos Knight on Feb 3, 2024.
             Was a Plaything of Xom.
             Quit the game on level 1 of the Dungeon.
             The game lasted 00:00:08 (333 turns).

Colgate the Poker (Demonspawn Chaos Knight)          Turns: 333, Time: 00:00:09

Health: 24/24      AC:  5    Str: 12    XL:     2   Next: 0%
Magic:  2/2        EV: 11    Int: 12    God:    Xom [..*...]
Gold:   42         SH:  0    Dex: 12    Spells: 1/1 levels left

rFire   . . .        a - +0 spear (chaos)
rCold   . . .        (no shield)
rNeg    . . .        b - +2 leather armour
rPois   .            (no helmet)
rElec   .            (no cloak)
rCorr   .            (no gloves)
SInv    .            (no boots)
Will    .....        (no amulet)
Stlth   +            (no ring)
HPRegen 0.24/turn    (no ring)
MPRegen 0.08/turn

%: no passive effects
@: no status effects
A: hooves 1
a: Renounce Religion


You were on level 1 of the Dungeon.
You worshipped Xom.
You were a toy of Xom.
You visited 1 branch of the dungeon, and saw 1 of its levels.

You collected 42 gold pieces.

Inventory:

Hand Weapons
 a - a +0 spear of chaos (weapon)
Armour
 b - a +2 leather armour (worn)
Jewellery
 f - a ring of wizardry
Scrolls
 c - a scroll of butterflies
 d - a scroll of poison {unknown}
 e - a scroll of fear {unknown}
Potions
 g - a potion of cancellation {unknown}


   Skills:
 - Level 3.0 Fighting
 + Level 3.2 Polearms
 - Level 1.7 Armour
 - Level 0.8 Dodging


You had one spell level left.
You didn't know any spells.
Your spell library was empty.

Dungeon Overview and Level Annotations

Branches:
Dungeon (1/15)

Altars:


Innate Abilities, Weirdness & Mutations

You have large cloven feet.


Message History

You see here a +0 dagger.
Key pressed, stopping explore.
No target in view!
f - a ring of wizardry No target in view!
A bat comes into view.
You see here a black potion.
The bat barely misses you.
A bat is nearby!
You barely miss the bat. The bat barely misses you.
A bat is nearby!
You hit the bat. You drain the bat.
You kill the bat!
Key pressed, stopping explore.
No target in view!
g - a black potion No target in view!
A bat comes into view.
A goblin comes into view. It is wielding a +0 club.
The goblin shouts!
The bat closely misses you.
There are monsters nearby!
You barely miss the bat. The bat closely misses you. The bat barely misses you.
A ball python comes into view.
There are monsters nearby!
You reach to attack!
You barely miss the bat.
The ball python hisses angrily.
The bat hits you but does no damage.
An endoplasm comes into view.
There are monsters nearby!
You reach to attack!
The endoplasm quivers.
You hit the bat. The bat hits you but does no damage.
There are monsters nearby!
You hit the bat. Lightning courses through the bat!!
You kill the bat!
You have reached level 2!
Your demonic ancestry asserts itself...
Your feet thicken and deform.
Are you sure you want to abandon this character and quit the game? (Confirm with "yes".)

##.##.....#8...8# #.##......#
#...########...########.....#
###.#8###8##...##8###8#.....#
#.........................#
#.....................#####
#.....................#####
###8###8##...##8###8#....##
### ####...## ###....##
#8@..8# #....#. ##...##
##..... #g..# #...#. #S..#
#...## 8...8 #...# #J..##
###.# ..... #.# ...... #.. #.


You could see an endoplasm, a goblin and a ball python.

Vanquished Creatures
  An endoplasm (D:1)
  A hobgoblin (D:1)
  2 bats (D:1)
  A frilled lizard (D:1)
  2 kobolds (D:1)
  2 rats (D:1)
9 creatures vanquished.

Notes
Turn   | Place    | Note
-------+----------+-------------------------------------------
     0 | D:1      | Colgate the Demonspawn Chaos Knight began the quest for the
                  | Orb.
     0 | D:1      | Reached XP level 1. HP: 18/18 MP: 1/1
   135 | D:1      | XOM: divination: detect creatures
   190 | D:1      | XOM: smoke on damage
   333 | D:1      | Gained mutation: You have large cloven feet. [demonic
                  | ancestry]
   333 | D:1      | Reached XP level 2. HP: 24/24 MP: 2/2
   333 | D:1      | Quit the game

Illustrated notes

Levels and vault maps discovered:
D:1:      dpeg_arrival_circle_labyrinth_c, layout_basic,
          ebering_ecumenical_altar_hall, serial_corexii_hall,
          corexii_hall_statues_x, chequers_hall_statues_corner_a,
          corexii_hall_statues_x

Skill      XL: |  1 |
---------------+----+-----
Polearms       | 3 |  3.2
Fighting       | |  3.0
Armour         | |  1.7
Dodging        | |  0.8

Action                     || total
---------------------------++-------
  Melee: Spear             ||    26
 Armour: Leather armour    ||     8
  Dodge: Dodged            ||    15
